 Dungeon Crawl Stone Soup version 0.19.4-9-g45fd643 (webtiles) character file.

5400 Kosschaser the Covert (level 10, -6/53 HPs)
             Began as a Vine Stalker Assassin on Feb 16, 2017.
             Was a Believer of Dithmenos.
             Mangled by an unseen horror (11 damage)
             ... on level 8 of the Dungeon.
             The game lasted 00:56:58 (8018 turns).

Kosschaser the Covert (Vine Stalker Assassin)       Turns: 8018, Time: 00:56:59

Health: -6/53      AC:  6    Str: 13 (15) XL:     10   Next: 66%
Magic:  0/9        EV: 13    Int:  8 (11) God:    Dithmenos [**....]
Gold:   406        SH:  0    Dex: 20 (22) Spells: 0 memorised, 9 levels left

rFire  . . .     SeeInvis .     y - +1 dagger (venom)
rCold  + . .     Gourm    .     c - +0 robe
rNeg   . . .     Faith    .     (no shield)
rPois  .         Spirit   +     (helmet restricted)
rElec  .         Reflect  .     w - +1 cloak
rCorr  .         Harm     .     r - +1 pair of gloves
MR     ++...                    (no boots)
Stlth  +++++.....               k - amulet of regeneration
                                z - +4 ring of dexterity
                                t - ring of protection from magic

@: about to teleport, wreathed by umbra, very heavily drained
A: antennae 1, fangs 3, cold resistance 1, deterioration 2, low mp 2,
regeneration 1, screaming 1, wild magic 1, magic shield, antimagic bite, no
device heal 3, rot immunity
a: Shadow Step, Renounce Religion


You were on level 8 of the Dungeon.
You worshipped Dithmenos.
Dithmenos was pleased with you.
You were near starving.

You visited 2 branches of the dungeon, and saw 10 of its levels.

You collected 406 gold pieces.

Inventory:

Hand Weapons
 a - a +2 dagger
 i - a +0 blowgun
 y - a +1 dagger of venom (weapon)
Missiles
 e - 57 poisoned needles
 x - a curare-tipped needle
Armour
 c - a +0 robe (worn)
 d - a +0 cloak
 r - a +1 pair of gloves (worn)
 w - a +1 cloak (worn)
Jewellery
 k - an amulet of regeneration (around neck)
 t - a ring of protection from magic (left hand)
 z - a +4 ring of dexterity (right hand)
 H - an uncursed ring of protection from fire
 N - an uncursed ring of magical power
 Q - an uncursed amulet of harm
 S - an uncursed ring of protection from magic
Wands
 f - a wand of disintegration (9/24)
 h - a wand of lightning (3/15)
 L - a wand of digging (13/24)
 O - a wand of random effects (20/48)
Scrolls
 m - a scroll of remove curse
 s - 2 scrolls of fear
 u - 2 scrolls of recharging
 v - 2 scrolls of enchant weapon
 J - a scroll of fog
 K - a scroll of magic mapping
 M - a scroll of random uselessness {unknown}
 R - a scroll of amnesia
Potions
 l - 2 potions of flight {unknown}
 n - a potion of cancellation {unknown}
 p - 4 potions of curing
 q - a potion of agility {unknown}
 A - a potion of berserk rage {unknown}
 B - a potion of magic
 D - a potion of brilliance
 F - 2 potions of invisibility {unknown}
 G - a potion of heal wounds
 I - a potion of mutation {unknown}
Comestibles
 b - a beef jerky
 g - 3 bread rations
 j - 6 meat rations
 o - 3 slices of pizza
 C - 10 fruits


   Skills:
 + Level 6.4(3.0) Fighting
 + Level 6.8(3.3) Short Blades
 + Level 6.7(3.2) Throwing
 + Level 5.3(2.0) Dodging
 + Level 10.5(6.6) Stealth
 + Level 0.6(0.0) Invocations


You had 9 spell levels left.
You didn't know any spells.

Dungeon Overview and Level Annotations

Branches:
Dungeon (9/15)             Temple (1/1) D:5            Lair (0/6) D:9
    Orc: D:9-12

Altars:
Ashenzari
Cheibriados
Dithmenos
Elyvilon
Fedhas
Gozag
Hepliaklqana
Kikubaaqudgha
Makhleb
Nemelex Xobeh
Okawaru
Qazlal
Ru
Sif Muna
Trog
Uskayaw
Vehumet
Xom
Yredelemnul
Zin
The Shining One

Annotations:
D:3 Xiguana's ghost, amateur DrCK


Innate Abilities, Weirdness & Mutations

You have razor-sharp teeth.
Your natural rate of healing is unusually fast.
When hurt, damage is shared between your health and your magic reserves.
Your bite disrupts and absorbs the magic of your enemies.
Potions and wands cannot restore your health.
You are immune to rotting.
You have a pair of small antennae on your head.
Your flesh is cold resistant. (rC+)
Your body often deteriorates upon taking damage.
Your magical capacity is very low. (-20% MP)
You occasionally shout uncontrollably at your foes.
Your spells are a little harder to cast, but a little more powerful.


Message History

Something hits you.
Deactivating autopickup; reactivate with Ctrl-A.
There is a strange disturbance nearby!
You hit something but do no damage. You bite something. Something hits you!
You miss something. Something hits you!
You closely miss something. Your bite misses something.
Something barely misses you. Something hits you.
You hit something. You bite something. Something hits you. Something hits you!
Something hits you. Something hits you! Something hits you.
* * * LOW HITPOINT WARNING * * *
As you read the scroll of teleportation, it crumbles to dust.
You feel strangely unstable. Something hits you!
* * * LOW HITPOINT WARNING * * *
Something hits you.
* * * LOW HITPOINT WARNING * * *
Something hits you!
You die...

...'...+.....#....#####...#####..
...##'###....#....# #.....+ #..
...##..##....###### .....# #..
.....)...........# #...# #..
.................######...# .....
...##'###.........#.......#......
...##..##.........#.......#......
.......#.........##..##...#......
...##..#........@##..##...#......
#'###..##....##..{...###### ...##
...###)##....##.......# #.
...#....#...>########## #.
...#....#....# #. #..#....#....#
#. ####....###..# #. #......####
##. #......# #..


There were no monsters in sight!

Vanquished Creatures
  A troll (D:9)
  2 two-headed ogres (D:9)
  Grinder (D:5)
  Eustachio (D:4)
  Duvessa (D:6)
  6 sky beasts
  2 ice beasts (D:9)
  A wolf (D:9)
  3 phantoms
  2 ogres
  2 centaurs
  5 bullfrogs
  A big kobold (D:7)
  11 scorpions
  Dowan (D:6)
  3 wights (D:8)
  5 killer bees (D:7)
  3 howler monkeys
  3 crimson imps
  A centaur zombie (D:5)
  10 hounds
  6 orc priests
  3 bullfrog skeletons
  4 iguanas
  8 orc wizards
  5 worker ants
  A hound skeleton (D:5)
  A howler monkey zombie (D:5)
  7 gnolls (D:6)
  14 adders
  A shadow imp (D:5)
  5 worms
  3 dart slugs
  8 leopard geckos
  26 orcs
  5 giant cockroaches
  6 goblins
  9 hobgoblins
  4 jackals
  15 kobolds
  6 quokkas
  15 bats
  3 frilled lizards
  A quokka zombie (D:5)
  5 rats
226 creatures vanquished.

Vanquished Creatures (others)
  2 fungi (D:6)
2 creatures vanquished.

Grand Total: 228 creatures vanquished

Notes
Turn   | Place    | Note
-------+----------+-------------------------------------------
     0 | D:1      | Kosschaser the Vine Stalker Assassin began the quest for the Orb.
     0 | D:1      | Reached XP level 1. HP: 11/11 MP: 2/2
    44 | D:1      | Reached skill level 5 in Stealth
   156 | D:1      | Reached XP level 2. HP: 4/15 MP: 0/3
   746 | D:1      | Reached XP level 3. HP: 14/18 MP: 4/4
  1522 | D:2      | Reached skill level 1 in Dodging
  1522 | D:2      | Gained mutation: Your natural rate of healing is unusually fast. [Vine Stalker growth]
  1522 | D:2      | Reached XP level 4. HP: 20/23 MP: 3/5
  1594 | D:2      | Reached skill level 6 in Stealth
  2257 | D:3      | Found a white marble altar of Elyvilon.
  2278 | D:3      | Noticed Xiguana's ghost (amateur DrCK)
  2346 | D:3      | Reached XP level 5. HP: 27/27 MP: 4/6
  2716 | D:4      | Reached skill level 7 in Stealth
  2716 | D:4      | Reached XP level 6. HP: 31/32 MP: 7/7
  2751 | D:4      | Noticed a phantom
  2829 | D:4      | Killed a phantom
  2906 | D:4      | Reached XP level 7. HP: 29/36 MP: 8/8
  2982 | D:4      | Found a deep blue altar of Sif Muna.
  3171 | D:4      | Found a bloodstained altar of Trog.
  3223 | D:4      | Noticed Eustachio
  3289 | D:4      | Found a snail-covered altar of Cheibriados.
  3495 | D:4      | Killed Eustachio
  3575 | D:5      | Entered Level 5 of the Dungeon
  3666 | D:5      | Gained mutation: You have razor-sharp teeth. [Vine Stalker growth]
  3666 | D:5      | Reached XP level 8. HP: 42/42 MP: 9/9
  3754 | D:5      | Found a staircase to the Ecumenical Temple.
  3857 | Temple   | Entered the Ecumenical Temple
  3919 | Temple   | Became a worshipper of Dithmenos the Shadowed
  3950 | D:5      | Reached skill level 8 in Stealth
  4076 | D:5      | Reached skill level 5 in Throwing
  4150 | D:5      | Noticed Grinder
  4211 | D:5      | Killed Grinder
  4302 | D:5      | Gained mutation: Your magical capacity is low. (-10% MP) [mutagenic meat]
  4303 | D:5      | Gained mutation: You have a pair of small horns on your head. [mutagenic meat]
  4304 | D:5      | Lost mutation: You have a pair of small horns on your head. [mutagenic meat]
  4305 | D:5      | Gained mutation: Your magical capacity is very low. (-20% MP) [mutagenic meat]
  4306 | D:5      | Gained mutation: Your body sometimes deteriorates upon taking damage. [mutagenic meat]
  4419 | D:5      | Reached XP level 9. HP: 46/46 MP: 8/8
  4560 | D:6      | Noticed Duvessa
  4560 | D:6      | Noticed Dowan
  4563 | D:6      | Killed Dowan
  4563 | D:6      | Reached skill level 5 in Fighting
  4587 | D:6      | Found a white marble altar of Elyvilon.
  4587 | D:6      | Found a shimmering altar of Xom.
  4587 | D:6      | Found a stormy altar of Qazlal.
  4587 | D:6      | Found a radiant altar of Vehumet.
  4587 | D:6      | Found a hazy altar of Hepliaklqana.
  4587 | D:6      | Found a glowing golden altar of the Shining One.
  4632 | D:6      | Reached * piety under Dithmenos
  4956 | D:6      | Reached skill level 5 in Short Blades
  4963 | D:6      | Gained mutation: Your body often deteriorates upon taking damage. [mutagenic meat]
  4964 | D:6      | Gained mutation: Scrolls take you a little longer to read. [mutagenic meat]
  4965 | D:6      | Gained mutation: You occasionally shout uncontrollably at your foes. [mutagenic meat]
  4967 | D:6      | Gained mutation: You have a pair of small antennae on your head. [mutagenic meat]
  5040 | D:6      | Killed Duvessa
  5182 | D:6      | Reached skill level 9 in Stealth
  5270 | D:6      | HP: 2/47 [poisoned by a scorpion]
  5684 | D:6      | Reached ** piety under Dithmenos
  6058 | D:7      | Reached XP level 10. HP: 33/53 MP: 9/9
  6213 | D:7      | Gained mutation: Your flesh is cold resistant. (rC+) [mutagenic meat]
  6214 | D:7      | Lost mutation: Scrolls take you a little longer to read. [mutagenic meat]
  6215 | D:7      | Gained mutation: Your spells are a little harder to cast, but a little more powerful. [mutagenic meat]
  7132 | D:9      | Reached skill level 10 in Stealth
  7248 | D:9      | Reached skill level 5 in Dodging
  7647 | D:9      | Noticed a six-headed hydra
  7681 | D:9      | Found a staircase to the Lair.
  7854 | D:8      | HP: 1/53 [wight/spear (3)]
  8018 | D:8      | Mangled by an unseen horror

Skill      XL: |  1  2  3  4  5  6  7  8  9 10 |
---------------+-------------------------------+-----
Stealth        | 5 6 7 8 9 10 | 10.5
Fighting       | 2 3 4 5 6 |  6.4
Throwing       | 2 3 4 5 6 |  6.7
Dodging        | 1 2 4 5 |  5.3
Short Blades   | 2 3 4 5 6 |  6.8
Invocations    | |  0.6

Action                   |  1- 3 |  4- 6 |  7- 9 | 10-12 || total
-------------------------+-------+-------+-------+-------++-------
Melee: Dagger            |    87 |   105 |   371 |   236 ||   799
       Bite              |    19 |    28 |   167 |    94 ||   308
 Fire: Blowgun           |    25 |    16 |    77 |     6 ||   124
Invok: Shadow Step       |       |       |       |     2 ||     2
  Use: Scroll            |       |       |    13 |     4 ||    17
       Potion            |       |       |     1 |       ||     1
 Stab: Sleeping          |     8 |    13 |    12 |     8 ||    41
       Distracted        |       |       |     1 |     1 ||     2
  Eat: Chunk             |     2 |     4 |    20 |    10 ||    36
Armor: Robe              |    24 |    17 |    65 |    34 ||   140
Dodge: Dodged            |    43 |    72 |   270 |   215 ||   600
